AoeStats
← Vulgo DogMal

Arena

505133683Analyzed
3v3 RM · 26d ago on Sep 8, 2026· 55m 57s· 6 players
Game mode
Random Map
Map size
Normal (6 player)
Population
200
Speed
Normal
Resources
Standard
Victory
Conquest
Starting age
Dark Age
Ending age
Imperial Age
RankedLock teamsTeams togetherTeam positionsShared explorationLock speedFull tech treeHidden civsTurbo modeCheats
Victory
Defeat
🇨🇱 Khmer · Chile
802
+10
🇨🇱 Bohemians · Chile
599
+18
🇨🇱 Poles · Chile
592
+18
🇧🇷 Franks · Brazil
739
-18
🇧🇷 Khmer · Brazil
660
-18
🇧🇷 Persians · Brazil
560
-12
Vulgo DogMal
10:58 Feudal Age
12:12 Double-Bit Axe
16:19 Castle Age
15:03 Stone Mining
26:23 Pikeman
30:46 Gold Mining
33:54 Imperial Age
32:57 Forging
37:04 Ballistics
40:09 Light Cavalry
44:05 Bow Saw
44:42 Iron Casting
44:52 Scale Barding Armor
44:47 Scale Mail Armor
47:36 Chivalry
48:13 Chain Mail Armor
48:18 Chain Barding Armor
49:33 Plate Mail Armor
50:35 Cavalier
51:16 Husbandry
51:57 Plate Barding Armor
52:23 Blast Furnace
50:57 Halberdier
51:05 Onager
Brener Lima - Bazucão
10:29 Feudal Age
12:28 Wheelbarrow
15:06 Horse Collar
15:59 Double-Bit Axe
16:08 Gold Mining
23:02 Castle Age
24:17 Bow Saw
24:11 Heavy Plow
24:30 Hand Cart
27:09 Stone Mining
27:55 Gold Shaft Mining
31:50 Imperial Age
32:27 Town Watch
32:28 Loom
33:19 Crop Rotation
33:30 Stone Shaft Mining
34:37 Hoardings
35:43 Elite Ballista Elephant
Raangon
2:16 Loom
13:08 Feudal Age
14:47 Feudal Age
15:32 Feudal Age
17:03 Horse Collar
18:00 Double-Bit Axe
23:27 Forging
26:21 Castle Age
24:27 Scale Mail Armor
24:39 Padded Archer Armor
24:37 Fletching
28:42 Iron Casting
28:05 Bodkin Arrow
30:23 Wheelbarrow
31:09 Pikeman
31:50 Squires
31:56 Husbandry
33:33 Scale Mail Armor
36:11 Kamandaran
37:26 Bloodlines
36:36 Light Cavalry
39:11 Crossbowman
39:56 Thumb Ring
42:57 Imperial Age
43:35 Conscription
55:02 Halberdier
leoleitogg
6:47 Loom
12:05 Feudal Age
13:27 Double-Bit Axe
19:16 Bloodlines
22:51 Castle Age
29:11 Imperial Age
26:28 Light Cavalry
28:53 Scale Barding Armor
30:59 Crossbowman
33:43 Husbandry
34:07 Thumb Ring
41:52 Arbalester
46:44 Wheelbarrow
45:56 Town Watch
46:32 Arson
46:48 Squires
46:09 Pikeman
51:39 Lechitic Legacy
52:29 Ballistics
53:15 Chemistry
53:35 Caravan
53:13 Winged Hussar
victorcherack
0:52 Loom
13:23 Feudal Age
14:39 Town Watch
15:00 Horse Collar
18:56 Double-Bit Axe
25:29 Wheelbarrow
27:58 Castle Age
31:00 Town Patrol
33:24 Chemistry
33:08 Wagenburg Tactics
33:31 Heavy Plow
35:41 Hand Cart
36:04 Bow Saw
35:50 Fletching
41:21 Imperial Age
40:08 Bodkin Arrow
40:38 Ballistics
41:20 Murder Holes
41:32 Onager
45:19 Two-Man Saw
45:41 Cavalier
46:27 Elite Hussite Wagon
47:06 Pikeman
47:32 Houfnice
49:52 Bracer
51:19 Halberdier
52:09 Squires
52:41 Caravan
54:06 Siege Engineers
Tiienty
11:06 Feudal Age
11:36 Double-Bit Axe
11:33 Horse Collar
18:06 Castle Age
19:03 Heavy Plow
19:00 Stone Mining
19:25 Bow Saw
22:30 Wheelbarrow
22:03 Gold Mining
22:09 Loom
23:47 Hand Cart
24:45 Ballistics
26:31 Fletching
28:55 Gold Shaft Mining
32:50 Imperial Age
33:26 Stone Shaft Mining
34:38 Chemistry
33:44 Siege Engineers
35:38 Double Crossbow
36:33 Heavy Scorpion
44:20 Elite Battle Elephant
45:47 Forging
45:42 Scale Barding Armor
46:21 Husbandry
46:31 Bloodlines
48:00 Iron Casting
47:46 Chain Barding Armor
50:50 Blast Furnace
50:26 Plate Barding Armor
Connection lost

Rejoining the realm…

Still unreachable

The connection could not be restored.

Session expired

The server has moved on; the page needs a fresh start.